 Dungeon Sprint DCSS version 0.24.1-4-ge52af88ad5 (webtiles) character file.

Game seed: 8965471564864108474, levelgen mode: deterministic

303 nicanaca0 the Spear-Bearer (level 6, -3/91 HPs)
             Began as a Minotaur Berserker on Apr 20, 2020.
             Was a Believer of Trog.
             Slain by Sonja
             ... wielding a +0 dagger of venom
              (5 damage)
             ... in the Dungeon (Sprint I: "Red Sonja").
             The game lasted 00:03:27 (673 turns).

nicanaca0 the Spear-Bearer (Minotaur Berserker)      Turns: 673, Time: 00:03:28

Health: -3/91      AC:  2    Str: 27    XL:     6   Next: 15%
Magic:  5/5        EV: 12    Int:  6    God:    Trog [**....]
Gold:   297        SH:  0    Dex: 13    Spells: 5/5 levels left

rFire    . . .     SeeInvis .   b - +0 spear
rCold    . . .     Gourm    .   (no shield)
rNeg     . . .     Faith    .   a - +0 animal skin
rPois    .         Spirit   .   (helmet restricted)
rElec    .         Reflect  .   (no cloak)
rCorr    .         Harm     .   (no gloves)
MR       ++...     NoTele   +   (no boots)
Stlth    ..........             (no amulet)
HPRegen  1.25/turn              I - +4 ring of dexterity
MPRegen  0.09/turn              (no ring)

@: berserking (expiring), lethally poisoned (-3 -> -51), regenerating, hasted
and slowed
A: retaliatory headbutt, horns 2
a: Berserk, Trog's Hand, Renounce Religion


You were in the Dungeon.
You worshipped Trog.
Trog was pleased with you.
You were not hungry.

You visited 1 branch You collected 297 gold pieces.

Inventory:

Hand Weapons
 b - a +0 spear (weapon)
Armour
 a - a +0 animal skin (worn)
Jewellery
 I - a +4 ring of dexterity (left hand)
   (You found it in the Dungeon)
Scrolls
 i - a scroll of blinking {@r3!r}
Potions
 c - a potion of heal wounds
 f - a potion of haste {@q3}
 g - 2 potions of magic
 h - a potion of berserk rage {!q}
 P - a potion of curing {@q1}


   Skills:
 + Level 8.3 Fighting
 * Level 12.6 Polearms
 + Level 5.8 Armour
 - Level 2.1 Dodging


You had 5 spell levels left.
You didn't know any spells.
Your spell library was empty.

Dungeon Overview and Level Annotations

Branches:
Dungeon (1/1)

Altars:
Cheibriados
Dithmenos
Elyvilon
Fedhas
Hepliaklqana
Kikubaaqudgha
Okawaru
Qazlal
Ru
Sif Muna
Trog
Uskayaw
Vehumet
Wu Jian
Yredelemnul
Zin
The Shining One

Shops:
D =

Annotations:
D Sonja


Innate Abilities, Weirdness & Mutations

You reflexively headbutt those who attack you in melee.
You have a pair of horns on your head.


Message History

Which direction?
You close the door.
As you close the door, it creaks loudly!
You open the door.
Sonja, the Graceful Assassin comes into view.
She is wielding a +0 dagger of venom.
Sonja throws a curare-tipped dart.
The curare-tipped dart misses you.
You feel yourself speed up.
Sonja throws a curare-tipped dart.
The curare-tipped dart hits you.
You are poisoned.
You have difficulty breathing.
You feel yourself slow down.
You feel sick.
Sonja throws a curare-tipped dart.
The curare-tipped dart closely misses you.
There is an open door here.
Attack whom?
Aim: Sonja, wielding a +0 dagger of venom You reach to attack!
You closely miss Sonja.
Sonja throws a curare-tipped dart.
The curare-tipped dart barely misses you.
Attack whom?
Aim: Sonja, wielding a +0 dagger of venom You reach to attack!
You miss Sonja.
You feel sick.
Sonja throws a curare-tipped dart.
The curare-tipped dart hits you.
You are more poisoned.
You have difficulty breathing.
You feel as though you will be slow longer.
Your skin crawls.
You feel resistant to hostile enchantments.
You feel somewhat more hungry.
You feel sick.
You hit Sonja but do no damage.
You feel sick.
Sonja hits you with a +0 dagger of venom!
You are more poisoned.
Sonja hits you with a +0 dagger of venom.
Sonja barely misses you.
You completely miss Sonja.
You feel sick.
Sonja mumbles some strange words.
Sonja blinks!
You feel very sick.
Sonja casts a spell.
Sonja blinks!
As you close the door, pushing everything out of the way, it creaks loudly!
You feel very sick.
You start resting.
You feel sick.
You feel very sick.
Sonja, the Graceful Assassin opens the door.
She is wielding a +0 dagger of venom.
You are too injured to fight recklessly!
You are too injured to fight recklessly!
Unknown command.
You are too injured to fight recklessly!
Attack whom?
Aim: Sonja, wielding a +0 dagger of venom You reach to attack!
You hit Sonja.
You feel sick.
Sonja shouts, "Hah!
Missed me again!"
Sonja throws a curare-tipped dart.
The curare-tipped dart misses you.
Attack whom?
Aim: Sonja, wielding a +0 dagger of venom (moderately wounded)
You reach to attack!
You hit Sonja.
You feel sick.
Sonja throws a curare-tipped dart.
The curare-tipped dart hits you.
You are more poisoned.
You have difficulty breathing.
* * * LOW HITPOINT WARNING * * *
You feel as though you will be slow longer.
No previous command to re-do.
You are too injured to fight recklessly!
A red film seems to cover your vision as you go berserk!
You feel yourself moving faster!
You feel mighty!
You feel a lot more hungry.
You feel very sick.
Sonja mumbles some strange words.
Sonja blinks!
You feel a strong urge to attack something.
You feel very sick.
There is an open door, spattered with blood here.
You feel very sick.
You see here a curare-tipped dart.
You completely miss Sonja. Your headbutt misses Sonja.
You feel sick.
Sonja hits you with a +0 dagger of venom.
* * * LOW HITPOINT WARNING * * *
You are more poisoned.
Sonja hits you with a +0 dagger of venom.
* * * LOW HITPOINT WARNING * * *
You are lethally poisoned!
Sonja misses you.
You puncture Sonja! Your headbutt misses Sonja.
* * * LOW HITPOINT WARNING * * *
You feel very sick.
You miss Sonja. Your headbutt misses Sonja.
* * * LOW HITPOINT WARNING * * *
You feel sick. Sonja hits you but does no damage.
You are more poisoned.
Sonja hits you but does no damage. x2
You are more poisoned.
You miss Sonja. Your headbutt misses Sonja.
* * * LOW HITPOINT WARNING * * *
You feel very sick.
Sonja hits you with a +0 dagger of venom!
* * * LOW HITPOINT WARNING * * *
Sonja hits you with a +0 dagger of venom.
* * * LOW HITPOINT WARNING * * *
You are more poisoned.
Sonja hits you with a +0 dagger of venom.
You die...

################
#<.#..'..#..'..#
#..'[.#..').#..+
#.)#####'#####'#
#..# #..#...#.#
#..#__####..##.#
#..#_____##+#_.+
#⌠⌠#_.∩..Y+.(._#
####_..__##_H#+#
___ ##K# # #(#
+$.$+ #$.$#
##(## #+#


You could see Sonja.

Vanquished Creatures
  Sigmund (D)
  An ogre (D)
  A jelly (D)
  Ijyb (D)
4 creatures vanquished.

Notes
Turn   | Place    | Note
-------+----------+-------------------------------------------
     0 | D        | nicanaca0 the Minotaur Berserker began the quest for the
                  | Orb.
     0 | D        | Reached XP level 1. HP: 19/19 MP: 0/0
     2 | D        | Noticed Ijyb
    18 | D        | Killed Ijyb
    18 | D        | Reached skill level 7 in Polearms
    18 | D        | Reached XP level 2. HP: 26/26 MP: 1/1
    61 | D        | Noticed an ogre
    70 | D        | Killed an ogre
    70 | D        | Reached skill level 6 in Fighting
    70 | D        | Reached skill level 10 in Polearms
    70 | D        | Reached XP level 3. HP: 18/37 MP: 2/2
    70 | D        | Reached XP level 4. HP: 22/44 MP: 3/3
   281 | D        | Noticed Sigmund
   293 | D        | Killed Sigmund
   293 | D        | Reached ** piety under Trog
   293 | D        | Reached skill level 8 in Fighting
   293 | D        | Reached skill level 12 in Polearms
   293 | D        | Reached skill level 5 in Armour
   293 | D        | Reached XP level 5. HP: 45/53 MP: 4/4
   293 | D        | Reached XP level 6. HP: 52/61 MP: 5/5
   349 | D        | Found an ornate altar of the Wu Jian Council.
   349 | D        | Found a shimmering blue altar of Sif Muna.
   351 | D        | Found a radiant altar of Vehumet.
   362 | D        | HP: 13/61 [acid (11)]
   646 | D        | Found Tippawk's Jewellery Emporium.
   646 | D        | Found an ancient bone altar of Kikubaaqudgha.
   646 | D        | Found a hazy altar of Hepliaklqana.
   646 | D        | Found a stormy altar of Qazlal.
   646 | D        | Found a hide-covered altar of Uskayaw.
   646 | D        | Found a blossoming altar of Fedhas.
   646 | D        | Found a bloodstained altar of Trog.
   646 | D        | Found an iron altar of Okawaru.
   646 | D        | Found a basalt altar of Yredelemnul.
   646 | D        | Found a glowing golden altar of the Shining One.
   646 | D        | Found a snail-covered altar of Cheibriados.
   646 | D        | Found a sacrificial altar of Ru.
   646 | D        | Found a glowing silver altar of Zin.
   646 | D        | Found a shadowy altar of Dithmenos.
   646 | D        | Found a white marble altar of Elyvilon.
   646 | D        | Noticed a yak
   653 | D        | Noticed Sonja
   670 | D        | HP: 20/91 [Sonja/+0 dagger of venom (4)]
   673 | D        | HP: 5/91 [Sonja/+0 dagger of venom (9)]
   673 | D        | HP: 2/91 [Sonja/+0 dagger of venom (3)]
   673 | D        | Slain by Sonja

Levels and vault maps discovered:
D:        dungeon_sprint_1 [red_sonja_temple_1, red_sonja_temple_small_1]

Skill      XL: |  1  2  3  4 |
---------------+-------------+-----
Polearms       | 7 10 12 | 12.6
Fighting       | 6 8 |  8.3
Armour         | 5 |  5.8
Dodging        | |  2.1

Action                   |  1- 3 |  4- 6 || total
-------------------------+-------+-------++-------
Melee: Spear             |     9 |    32 ||    41
       Headbutt          |     2 |     1 ||     3
Invok: Berserk           |     2 |     1 ||     3
       Trog's Hand       |       |     1 ||     1
  Use: Potion            |       |     1 ||     1
  Eat: Ration            |       |     1 ||     1
Armor: Animal skin       |       |     1 ||     1
Dodge: Dodged            |     2 |    10 ||    12

Levels and vault maps discovered:
D:        dungeon_sprint_1 [red_sonja_temple_1, red_sonja_temple_small_1]

Table legend:
 A = Turns spent in this place as a percentage of turns spent in the entire game.
 B = Non-inter-level travel turns spent in this place as a percentage of non-inter-level travel turns spent in the entire game.
 C = Inter-level travel turns spent in this place as a percentage of turns spent in this place.
 D = Turns resting spent in this place as a percentage of non-inter-level travel turns spent in this place.
 E = Turns spent auto-exploring this place as a percentage of non-inter-level travel turns spent in this place.
 F = Non-inter-level travel turns spent in this place divided by the number of levels of this place that you've seen.
                   A       B       C       D       E      F
               +-------+-------+-------+-------+-------+----------------------
         Total | 100.0 | 100.0 |   0.0 |  77.6 |   0.1 | 673.0
       Dungeon | 100.0 | 100.0 |   0.0 |  77.6 |   0.1 | 673.0
               +-------+-------+-------+-------+-------+----------------------

Table legend:
 A = Kills in this place as a percentage of kills in entire the game.
 B = Kills by you in this place as a percentage of kills by you in the entire game.
 C = Kills by friends in this place as a percentage of kills by friends in the entire game.
 D = Other kills in this place as a percentage of other kills in the entire game.
 E = Experience gained in this place as a percentage of experience gained in the entire game.
 F = Experience gained in this place divided by the number of levels of this place that you have seen.
                   A       B       C       D       E      F
               +-------+-------+-------+-------+-------+----------------------
         Total | 100.0 | 100.0 |   N/A |   N/A | 100.0 | 434.0
       Dungeon | 100.0 | 100.0 |   N/A |   N/A | 100.0 | 434.0
               +-------+-------+-------+-------+-------+----------------------
